 Dungeon Crawl Stone Soup version 0.31.0-10-gcf4a605ca0 (webtiles) character file.

Game seed: 4432915560375590748

1009 hikkokomori the Conjurer (level 8, 0/45 HPs)
             Began as a Gargoyle Alchemist on Jan 25, 2024.
             Slain by a water moccasin (3 damage)
             ... on level 5 of the Dungeon.
             The game lasted 00:11:25 (4505 turns).

hikkokomori the Conjurer (Gargoyle Alchemist)       Turns: 4505, Time: 00:11:26

Health: 0/45       AC:  9    Str: 11    XL:     8   Next: 21%
Magic:  14/23      EV: 11    Int: 19    God:
Gold:   168        SH:  0    Dex: 10    Spells: 10/16 levels left

rFire   . . .        p - +1 whip (freeze)
rCold   + . .        (no shield)
rNeg    + . .        u - +1 robe {rC+}
rPois   ∞            r - +0 helmet
rElec   +            (no cloak)
rCorr   .            (no gloves)
SInv    .            (no boots)
Will    .....        (no amulet)
Stlth   ++           q - ring of magical power
HPRegen 0.27/turn    s - ring of wizardry
MPRegen 0.18/turn

%: wizardry (x1)
@: no status effects
A: sickness immunity, AC +5, negative energy resistance 1, electricity
resistance, torment resistance 1, petrification resistance
a: no special abilities


You were on level 5 of the Dungeon.
You visited 1 branch of the dungeon, and saw 5 of its levels.

You collected 168 gold pieces.

Inventory:

Hand Weapons
 o - a +0 dagger
 p - a +1 whip of freezing (weapon)
 t - a +0 short sword
 v - a +2 short sword of speed
Armour
 a - a +0 robe
 r - a +0 helmet (worn)
 u - a +1 robe of cold resistance (worn)
Jewellery
 q - a ring of magical power (left hand)
 s - a ring of wizardry (right hand)
 z - a ring of ice
Scrolls
 e - a scroll of fear
 f - a scroll of teleportation
Potions
 b - a potion of magic
 c - a potion of mutation {unknown}
 d - a potion of haste {unknown}
 h - a potion of lignification
 i - a potion of heal wounds {unknown}
 j - a potion of attraction
 l - 2 potions of might
 m - a potion of curing {unknown}
 w - a potion of cancellation
 x - a potion of degeneration {unknown}


   Skills:
 + Level 2.6 Fighting
 + Level 0.9 Short Blades
 - Level 1.5 Dodging
 + Level 2.7 Stealth
 + Level 4.5 Spellcasting
 - Level 4.7 Conjurations
 - Level 2.7 Air Magic
 + Level 4.4 Alchemy


You had 10 spell levels left.
You knew the following spells:

 Your Spells              Type           Power      Damage    Failure   Level
a - Sting                 Conj/Alch      84%        1d8       1%          1
b - Mercury Vapours       Alch/Air       36%        N/A       1%          2
c - Mephitic Cloud        Conj/Alch/Air  19%        N/A       3%          3

Your spell library contained the following spells:

 Spells                   Type           Power      Damage    Failure   Level
 Slow                     Hex            16%        N/A       5%          1
 Swiftness                Air            14%        N/A       5%          3
 Ensorcelled Hibernation  Hex/Ice        8%         N/A       9%          2
 Olgreb's Toxic Radiance  Alch           21%        N/A       9%          4
 Confusing Touch          Hex            4%         N/A       16%         3
 Passwall                 Erth           4%         N/A       16%         3
 Sigil of Binding         Hex            4%         N/A       16%         3
 Vampiric Draining        Necr           4%         2d6       16%         3
 Sticky Flame             Fire/Alch      12%        2d5       21%         4


Dungeon Overview and Level Annotations

Branches:
Dungeon (5/15)
 Temple: D:4-7

Altars:
Hepliaklqana
Qazlal


Innate Abilities, Weirdness & Mutations

You are immune to sickness and miasma.
Your stone body is resilient. (AC +5)
You are immune to poison.
You resist negative energy. (rN+)
You are resistant to electric shocks. (rElec)
You are resistant to unholy torment.
You are immune to petrification.


Message History

* * * LOW HITPOINT WARNING * * *
The centaur closely misses the scorpion.
The centaur kicks the scorpion but does no damage.
The water moccasin misses you.
You miss the water moccasin.
The water moccasin is moderately wounded.
The water moccasin misses you.
Unknown command.
You miss the water moccasin.
The water moccasin is moderately wounded.
The water moccasin bites you.
* * * LOW HITPOINT WARNING * * *
The water moccasin bites you.
* * * LOW HITPOINT WARNING * * *
The centaur hits the shadow imp with a +0 dagger.
The centaur closely misses the shadow imp.
The centaur hits itself with a +0 dagger!
The centaur kicks itself but does no damage.
Unknown command.
Unknown command.
It was a potion of lignification.
You turn into a tree.
Your +0 helmet melds into your body.
Your +1 robe of cold resistance melds into your body.
You feel less resistant to cold.
Your roots penetrate the ground.
You feel strangely stable.
The water moccasin bites you but does no damage.
Unknown command.
It was a potion of cancellation.
Your magical effects are unravelling.
You feel magically purged.
You feel less wooden.
Your +0 helmet unmelds from your body.
Your +1 robe of cold resistance unmelds from your body.
You feel resistant to cold.
The sentinel's mark upon you fades away.
The centaur barely misses something.
The centaur misses something.
The centaur hits itself with a +0 dagger.
The centaur kicks itself but does no damage.
The water moccasin bites you.
You die...

..... #. ......
#. ###....[. #.
#...# #. #.###
#. #.# #. ##.##
#.####c..####.#
#..@S5s.>.....#
######.#.######
#.###.# #.#
##.# #.# #.. ##
###


You could see a water moccasin, a centaur (confused), a scorpion and a shadow
imp.

Vanquished Creatures
  Sigmund (D:3)
  A black bear (D:5)
  A sky beast (D:4)
  An ogre (D:5)
  Blork the orc (D:5)
  A howler monkey (D:4)
  A bombardier beetle (D:3)
  2 hounds (D:4)
  An orc priest (D:4)
  2 iguanas
  2 orc wizards (D:4)
  Natasha (twice) (D:2)
  Robin (D:3)
  5 gnolls
  An adder (D:4)
  6 dart slugs
  2 ribbon worms
  11 orcs
  6 endoplasms
  3 giant cockroaches
  14 goblins
  9 hobgoblins
  3 jackals (D:4)
  6 quokkas
  5 ball pythons
  5 bats
  5 frilled lizards
  16 kobolds
  5 rats
119 creatures vanquished.

Notes
Turn   | Place    | Note
-------+----------+-------------------------------------------
     0 | D:1      | hikkokomori the Gargoyle Alchemist began the quest for the
                  | Orb.
     0 | D:1      | Reached XP level 1. HP: 10/10 MP: 3/3
   205 | D:1      | Reached XP level 2. HP: 15/16 MP: 0/5
   502 | D:1      | Reached skill level 1 in Fighting
   584 | D:1      | Reached XP level 3. HP: 20/20 MP: 0/6
   995 | D:2      | Noticed Natasha
  1004 | D:2      | Killed Natasha
  1115 | D:2      | Reached XP level 4. HP: 9/26 MP: 0/7
  1522 | D:2      | Found a hazy altar of Hepliaklqana.
  1661 | D:2      | Noticed Natasha
  1670 | D:2      | Killed Natasha
  1671 | D:2      | Reached XP level 5. HP: 19/30 MP: 1/9
  1677 | D:2      | Learned a level 2 spell: Mercury Vapours
  1681 | D:2      | Learned a level 3 spell: Mephitic Cloud
  2106 | D:3      | Noticed Robin
  2172 | D:3      | Killed Robin
  2384 | D:3      | Reached skill level 1 in Air Magic
  2387 | D:3      | Reached XP level 6. HP: 10/35 MP: 10/10
  2677 | D:3      | Found a faded altar of an unknown god.
  2805 | D:3      | Noticed Sigmund
  2823 | D:3      | Killed Sigmund
  3435 | D:4      | Reached XP level 7. HP: 27/40 MP: 11/12
  3703 | D:4      | Identified the +0 ring mail "Neagg" {Str+5}
  3878 | D:4      | Found a stormy altar of Qazlal.
  4357 | D:5      | Entered Level 5 of the Dungeon
  4365 | D:5      | Reached XP level 8. HP: 14/44 MP: 14/14
  4429 | D:5      | Noticed Blork the orc
  4441 | D:5      | Killed Blork the orc
  4503 | D:5      | HP: 2/45 [water moccasin (3)]
  4505 | D:5      | Slain by a water moccasin

Illustrated notes

Levels and vault maps discovered:
D:1:      roderic_crop_circles_arrival_large, layout_rooms, serial_glass,
          glass_columns_a, glass_columns_a, minmay_pentomino_r2
D:2:      layout_loops_cross, basic_altar, uniq_natasha
D:3:      layout_loops_cross, nicolae_ecumenical_pavilion, uniq_robin,
          uniq_sigmund
D:4:      layout_loops_cross, nicolae_qazlal_beasts_of_the_sky,
          minmay_divided_ellipse
D:5:      layout_loops_ring, mainiacjoe_overflow_concentric_impassable,
          lightli_ossuary_entry_decrepit_ruins, uniq_blork_the_orc

Skill      XL: |  1  2  3  4  5  6  7 |
---------------+----------------------+-----
Fighting       | 1 2 |  2.6
Conjurations   | 2 3 4 |  4.7
Alchemy        | 3 4 |  4.4
Spellcasting   | 3 4 |  4.5
Air Magic      | 1 2 |  2.7
Short Blades   | |  0.9
Dodging        | |  1.5
Stealth        | |  2.7

Action                     |  1- 3 |  4- 6 |  7- 9 || total
---------------------------+-------+-------+-------++-------
  Melee: Unarmed           |    17 |     4 |       ||    21
         Whip              |       |    65 |    38 ||   103
         Punch             |       |     1 |     2 ||     3
         Short sword       |       |       |   117 ||   117
   Cast: Sting             |    52 |   102 |     8 ||   162
         Mephitic Cloud    |       |    10 |    17 ||    27
         Mercury Vapours   |       |     3 |     5 ||     8
    Use: Scroll            |       |       |     8 ||     8
         Potion            |       |       |     2 ||     2
   Stab: Confused          |       |     6 |     1 ||     7
         Sleeping          |       |       |     2 ||     2
 Armour: Robe              |    16 |    84 |    77 ||   177
         Skin              |       |       |     1 ||     1
  Dodge: Dodged            |    13 |    52 |    67 ||   132
